 Dungeon Crawl Stone Soup version 0.20-a0-1018-ge435b50 (webtiles) character file.

15 Angani the Insei (level 2, -2/21 HPs)
             Began as a Gnoll Transmuter on Apr 17, 2017.
             Slain by a jackal (3 damage)
             ... on level 2 of the Dungeon.
             The game lasted 00:00:58 (952 turns).

Angani the Insei (Gnoll Transmuter)                  Turns: 952, Time: 00:00:59

Health: -2/21      AC:  2    Str:  9    XL:     2   Next: 50%
Magic:  4/6        EV: 14    Int: 13    God:
Gold:   107        SH:  0    Dex: 14    Spells: 4/7 levels left

rFire    . . .     SeeInvis .     - Unarmed
rCold    . . .     Gourm    .   (no shield)
rNeg     . . .     Faith    .   b - +0 robe
rPois    .         Spirit   .   (no helmet)
rElec    .         Reflect  .   (no cloak)
rCorr    .         Harm     .   (no gloves)
MR       .....                  (no boots)
Stlth    +.........             (no amulet)
Regen    0.1/turn               (no ring)
MPRegen  0.1/turn               (no ring)

@: appendage
A: short attention span, fangs 1, horns 2, strong nose
a: End Transformation


You were on level 2 of the Dungeon.
You were not hungry.
You had grown temporary horns.
You visited 1 branch of the dungeon, and saw 2 of its levels.

You collected 107 gold pieces.

Inventory:

Missiles
 a - 12 arrows
Armour
 b - a +0 robe (worn)
Scrolls
 e - a scroll of blinking {unknown}
 f - a scroll of remove curse {unknown}
 g - 6 scrolls of identify {unknown}
 h - a scroll of fear {unknown}
 i - 2 scrolls of immolation {unknown}
 j - a scroll of fog {unknown}
Potions
 k - 2 potions of haste {unknown}
 m - a potion of curing {unknown}
 n - a potion of lignification {unknown}
 o - a potion of agility {unknown}
Books
 c - a book of Changes

   Spells                             Type                      Level
   a - Beastly Appendage              Transmutation                1
   b - Sticks to Snakes               Transmutation                2
   c - Spider Form                    Transmutation/Poison         3
   d - Ice Form                       Ice/Transmutation            4
   e - Blade Hands                    Transmutation                5
Comestibles
 d - 2 bread rations
 l - 2 meat rations


   Skills:
 - Level 1.5 Fighting
 + Level 4.4 Dodging
 - Level 4.4 Unarmed Combat
 - Level 3.2 Spellcasting
 - Level 3.0 Transmutations


You had 4 spell levels left.
You knew the following spells:

 Your Spells              Type           Power        Failure   Level  Hunger
a - Beastly Appendage     Tmut           #.....       10%         1    #......
b - Sticks to Snakes      Tmut           #.......     12%         2    ##.....


Dungeon Overview and Level Annotations

Branches:
Dungeon (2/15)

Altars:


Innate Abilities, Weirdness & Mutations

You have a short attention span.
You have very sharp teeth.
Your uncanny sense of smell can sniff out nearby items.
You have a pair of horns on your head.


Message History

You punch the jackal, but do no damage.
The jackal is heavily wounded.
The jackal bites you.
* * * LOW HITPOINT WARNING * * *
The jackal barely misses you.
You hit the jackal.
The jackal is severely wounded.
The jackal bites you.
* * * LOW HITPOINT WARNING * * *
Casting: Beastly Appendage
Confirm with . or Enter, or press ? or * to list all spells.
You extend your transformation's duration.
The jackal completely misses you.
Unknown command.
You hit the jackal.
You kill the jackal!
You barely miss the jackal. The jackal completely misses you.
You closely miss the jackal. The jackal closely misses you.
The jackal bites you.
You die...

############........#
#.........##........#
#.#######.##........##
#.##.#<.#.##........#.
########♣♣♣#.##....#.##........#.
...>...≈≈♣≈≈.........##........#.
.##..#≈≈≈≈P≈≈........##........#.
.##..♣♣≈≈♣P≈P.#.##.#.##........#.
.##..♣PP≈≈≈≈≈≈..@h....'........'.
.#..≈♣P≈≈≈≈≈≈≈P.##.#.<#........#.
.#.♣≈≈≈P≈P≈P≈♣P.##+#..######'###.
.#.♣♣≈♣P≈P≈≈≈P♣≈.......# #.# #.
.#.≈♣≈≈≈≈≈≈♣P♣≈P.....#.# #.# #.
.#.♣♣P≈≈≈≈≈≈≈P♣P.....#.## #.# ##
'#≈♣♣≈≈≈≈≈≈≈≈≈♣P##+#.#..####+##
..♣♣≈≈≈≈≈≈≈≈≈≈≈♣♣........##...#
..♣♣≈≈≈≈≈≈≈≈≈≈P≈P###.##..##...#


You could see a jackal.

Vanquished Creatures
  A bat (D:1)
  A giant cockroach (D:1)
  4 goblins (D:1)
  3 jackals (D:2)
  2 kobolds (D:1)
  A frilled lizard (D:1)
12 creatures vanquished.

Notes
Turn   | Place    | Note
-------+----------+-------------------------------------------
     0 | D:1      | Angani the Gnoll Transmuter began the quest for the Orb.
     0 | D:1      | Reached XP level 1. HP: 15/15 MP: 4/4
   204 | D:1      | Reached XP level 2. HP: 19/21 MP: 6/6
   223 | D:1      | Learned a level 2 spell: Sticks to Snakes
   948 | D:2      | HP: 1/21 [jackal (1)]
   952 | D:2      | Slain by a jackal

Vault maps used:
D:1:      dpeg_arrival_oval
D:2:      first_bread, serial_bayou_lake_a

Skill      XL: |  1 |
---------------+----+-----
Dodging        | 4 |  4.4
Fighting       | |  1.5
Unarmed Combat | |  4.4
Spellcasting   | |  3.2
Transmutations | |  3.0

Action                   || total
-------------------------++-------
Melee: Unarmed           ||    47
       Bite              ||     3
       Punch             ||     1
 Cast: Beastly Appendage ||     3
 Stab: Sleeping          ||     2
Armor: Robe              ||     8
Dodge: Dodged            ||    37
